 Dungeon Crawl Stone Soup version 0.29.1-12-g30fa7ad0bf (webtiles) character file.

Game seed: 5541460778061226925

3420 zeram the Skirmisher (level 9, -4/41 HPs)
             Began as a Spriggan Hunter on Dec 30, 2022.
             Was an Initiate of Yredelemnul.
             Slain by a yak (10 damage)
             ... on level 9 of the Dungeon.
             The game lasted 00:18:36 (7509 turns).

zeram the Skirmisher (Spriggan Hunter)              Turns: 7509, Time: 00:18:37

Health: -4/41      AC:  7    Str:  4    XL:     9   Next: 76%
Magic:  20/20      EV: 20    Int: 15    God:    Yredelemnul [......]
Gold:   530        SH:  0    Dex: 18    Spells: 14/22 levels left

rFire   + . .      SeeInvis +   a - +1 shortbow (vorpal)
rCold   + . .      Faith    .   (shield currently unavailable)
rNeg    . . .      Spirit   .   w - +2 robe {rC+ rF+}
rPois   +          Reflect  .   (helmet restricted)
rElec   .          Harm     .   i - +2 cloak
rCorr   .          Rampage  .   (gloves unavailable)
Will    +....                   (boots unavailable)
Stlth   ++........              n - amulet "Ettiomeh" {rPois Regen+ Str-3 SInv}
HPRegen 0.93/turn               (no ring)
MPRegen 0.17/turn               (no ring)

@: very quick
A: very small, no large weapons, unfitting armour, see invisible, speed 3
a: Renounce Religion, Recall Undead Harvest


You were on level 9 of the Dungeon.
You worshipped Yredelemnul.
Yredelemnul was noncommittal.
You visited 1 branch of the dungeon, and saw 9 of its levels.

You collected 530 gold pieces.

Inventory:

Hand Weapons
 a - a +1 vorpal shortbow (weapon)
 h - a +2 mace of protection
Armour
 c - a +1 robe
 i - a +2 cloak (worn)
 w - a +2 robe of resistance (worn)
Jewellery
 n - the amulet "Ettiomeh" (around neck) {rPois Regen+ Str-3 SInv}
   (You acquired it on level 5 of the Dungeon)

   [amulet of regeneration]

   Str:       It affects your strength (-3).
   rPois:     It protects you from poison.
   SInv:      It lets you see invisible.
   Regen:     It increases your rate of health regeneration.
 t - a +4 ring of evasion
 u - a ring of resist corrosion
Wands
 o - a wand of iceblast (6)
 z - a wand of charming (9)
Scrolls
 b - 2 scrolls of immolation
 k - a scroll of brand weapon
 r - a scroll of fog
 s - a scroll of fear
 y - 2 scrolls of magic mapping
 A - 3 scrolls of identify
Potions
 d - 3 potions of mutation
 e - 2 potions of curing
 g - a potion of magic
 j - 2 potions of flight
 l - a potion of lignification {unknown}
 m - a potion of resistance {unknown}
 p - 2 potions of berserk rage {unknown}
 q - a potion of haste {unknown}
 v - a potion of invisibility {unknown}
 x - a potion of might {unknown}


   Skills:
 - Level 1.5 Fighting
 + Level 0.4 Maces & Flails
 + Level 12.3 Ranged Weapons
 + Level 5.8 Dodging
 - Level 1.5 Stealth
 * Level 7.3 Spellcasting
 * Level 0.8 Summonings


You had 14 spell levels left.
You knew the following spells:

 Your Spells              Type           Power      Damage    Failure   Level
a - Summon Horrible Thin  Summ           4%         N/A       100%        8

Your spell library contained the following spells:

 Spells                   Type           Power      Damage    Failure   Level
 Summon Small Mammal      Summ           32%        N/A       9%          1
 Apportation              Tloc           10%        N/A       13%         1
 Necrotise                Necr           20%        1d5       13%         1
 Conjure Flame            Conj/Fire      5%         6-21      36%         3
 Ignite Poison            Fire/Tmut/Pois 5%         N/A       36%         3
 Stone Arrow              Conj/Erth      10%        3d7       36%         3
 Vampiric Draining        Necr           5%         2d6       36%         3
 Animate Armour           Summ/Erth      12%        N/A       71%         4
 Sticky Flame             Conj/Fire      5%         2d3       78%         4
 Agony                    Necr           5%         N/A       98%         5
 Malign Gateway           Summ/Tloc      3%         N/A       100%        7
 Lehudib's Crystal Spear  Conj/Erth      2%         10d2      100%        8


Dungeon Overview and Level Annotations

Branches:
Dungeon (9/15)             Temple (0/1) D:7
   Lair: D:8-11         Orc: D:9-12

Altars:
Cheibriados
Fedhas
Gozag
Hepliaklqana
Kikubaaqudgha
Yredelemnul

Shops:
D:1 [

Annotations:
D:8 2 transporters
D:9 Amaemon


Innate Abilities, Weirdness & Mutations

You are very small and have problems with some larger weapons.
You are too small for most types of armour.
You have supernaturally acute eyesight. (SInv)
You cover ground extremely quickly. (Speed+++)


Message History

You shoot an arrow.
The arrow hits the yak but does no damage.
The yak is moderately wounded.
The yak completely misses you.
Fire: a) +1 shortbow (vorpal)
Press: ? - help, Q - select action, (/) - cycle Shift-Dir - straight line, f/p - yak
Aim: a yak (moderately wounded, 77% to hit)
You shoot an arrow. The arrow hits the yak.
The yak is heavily wounded.
Fire: a) +1 shortbow (vorpal)
Press: ? - help, Q - select action, (/) - cycle Shift-Dir - straight line, f/p - yak
Aim: a yak (heavily wounded, 77% to hit)
You shoot an arrow.
The arrow hits the yak but does no damage.
The yak is heavily wounded.
The yak closely misses you.
Fire: a) +1 shortbow (vorpal)
Press: ? - help, Q - select action, (/) - cycle Shift-Dir - straight line, f/p - yak
Aim: a yak (heavily wounded, 77% to hit)
You shoot an arrow.
The arrow hits the yak but does no damage.
The yak is heavily wounded.
The yak misses you.
Fire: a) +1 shortbow (vorpal)
Press: ? - help, Q - select action, (/) - cycle Shift-Dir - straight line, f/p - yak
Aim: a yak (heavily wounded, 77% to hit)
You shoot an arrow.
The arrow hits the yak but does no damage.
The yak is heavily wounded.
The yak gores you!
* * * LOW HITPOINT WARNING * * *
Fire: a) +1 shortbow (vorpal)
Press: ? - help, Q - select action, (/) - cycle Shift-Dir - straight line, f/p - yak
Aim: a yak (heavily wounded, 77% to hit)
You shoot an arrow. The arrow barely misses the yak.
The arrow closely misses the yak.
The yak bellows! x2
The yak gores you!
You die...
Your body rises from the dead as a mindless zombie.

#....Y....#
#Y..YY..YY#
#.........#
#.........#
#.........#
#####'##^....#
#....#.§...#
#..Y.#.....#
+..@.#§..§.#
###..#.....#
##########


You could see 3 yaks.

Vanquished Creatures
  The ghost of xzight the Grappler, a novice TrFi (D:7)
  2 steam dragons
  Edmund (D:4)
  3 black bears
  3 ice beasts (D:6)
  3 ogres
  A centaur (D:5)
  A phantom (D:4)
  2 bullfrogs
  3 scorpions
  9 wights
  2 vampire bats (D:4)
  A killer bee (D:8)
  A howler monkey (D:8)
  A hound (D:6)
  4 orc priests
  2 gnoll boudas
  2 jellies
  Jessica (D:3)
  3 iguanas
  17 gnolls
  An adder (D:2)
  A shadow imp (D:6)
  An ufetubus (D:4)
  4 dart slugs
  18 orcs
  8 bats
  2 bat skeletons (D:4)
  3 bat zombies (D:4)
  4 endoplasms
  2 giant cockroaches
  7 goblins
  3 hobgoblins
  13 jackals
  3 quokkas
  6 ball pythons
  3 kobolds
  7 rats
149 creatures vanquished.

Vanquished Creatures (others)
  An ice beast zombie (D:6)
  A howler monkey zombie (D:8)
  4 gnoll zombies
  A dart slug zombie (D:5)
  A goblin zombie (D:4)
  4 orc zombies
  A spectral ufetubus (D:4)
  2 withered plants (D:7)
15 creatures vanquished.

Grand Total: 164 creatures vanquished

Notes
Turn   | Place    | Note
-------+----------+-------------------------------------------
     0 | D:1      | zeram the Spriggan Hunter began the quest for the Orb.
     0 | D:1      | Reached XP level 1. HP: 10/10 MP: 2/2
   162 | D:1      | Reached XP level 2. HP: 10/14 MP: 2/4
   164 | D:1      | Reached skill level 1 in Spellcasting
   388 | D:1      | Found Siash's Armour Boutique.
   435 | D:1      | Found a faded altar of an unknown god.
   702 | D:1      | Reached XP level 3. HP: 10/18 MP: 4/6
  1115 | D:2      | Reached skill level 5 in Ranged Weapons
  1811 | D:3      | Noticed Jessica
  1816 | D:3      | Killed Jessica
  1817 | D:3      | Reached XP level 4. HP: 22/22 MP: 6/8
  2330 | D:3      | Found a basalt altar of Yredelemnul.
  2339 | D:3      | Reached XP level 5. HP: 25/25 MP: 9/9
  2368 | D:3      | Reached skill level 6 in Ranged Weapons
  2575 | D:3      | Became a worshipper of Yredelemnul the Dark
  2880 | D:4      | Noticed a phantom
  2887 | D:4      | Killed a phantom
  3085 | D:4      | Noticed Edmund
  3110 | D:4      | Killed Edmund
  3111 | D:4      | Reached skill level 7 in Ranged Weapons
  3111 | D:4      | Reached XP level 6. HP: 30/30 MP: 10/12
  3375 | D:4      | Reached XP level 7. HP: 18/33 MP: 13/13
  3941 | D:4      | Found an ancient bone altar of Kikubaaqudgha.
  4074 | D:5      | Entered Level 5 of the Dungeon
  4101 | D:4      | Reached skill level 8 in Ranged Weapons
  4807 | D:5      | Identified a scroll of acquirement
  4807 | D:5      | Acquired the amulet "Ettiomeh" {rPois Regen+ Str-3 SInv}
  5052 | D:5      | Reached * piety under Yredelemnul
  5055 | D:5      | Reached XP level 8. HP: 37/37 MP: 16/16
  5104 | D:5      | Reached skill level 9 in Ranged Weapons
  5243 | D:5      | Reached skill level 5 in Spellcasting
  5263 | D:5      | Found a blossoming altar of Fedhas.
  5657 | D:6      | Reached skill level 10 in Ranged Weapons
  5687 | D:6      | Found a snail-covered altar of Cheibriados.
  5783 | D:6      | Reached ** piety under Yredelemnul
  5795 | D:6      | Identified the +2 robe of Givvorus {rF- MP+9 Str-4
                  | Archmagi}
  5916 | D:6      | Reached skill level 5 in Dodging
  6043 | D:6      | Reached XP level 9. HP: 41/41 MP: 19/19
  6229 | D:7      | Found a staircase to the Ecumenical Temple.
  6238 | D:7      | Found a runed translucent door.
  6242 | D:7      | Noticed xzight's ghost (novice TrFi)
  6304 | D:7      | Identified the +1 ring mail of the Archfiend {rCorr}
  6307 | D:7      | Found a hazy altar of Hepliaklqana.
  6307 | D:7      | Found an opulent altar of Gozag.
  6516 | D:7      | Reached skill level 11 in Ranged Weapons
  7267 | D:7      | Killed xzight's ghost
  7268 | D:7      | Reached skill level 12 in Ranged Weapons
  7277 | D:7      | Learned a level 8 spell: Summon Horrible Things
  7375 | D:8      | Found a transporter.
  7375 | D:8      | Found a transporter.
  7475 | D:9      | Noticed Amaemon
  7475 | D:9      | Noticed an orange demon
  7509 | D:9      | Slain by a yak

Illustrated notes

Levels and vault maps discovered:
D:1:      pf_arrival_petrified_forest, layout_loops_cross, serial_shops,
          nicolae_shop_crystal, basic_ecumenical_altar
D:2:      layout_loops_corners, serial_bayou_pond_e
D:3:      layout_basic, mainiacjoe_overflow_concentric_impassable, uniq_jessica
D:4:      layout_basic, kennysheep_vampire_church, uniq_edmund
D:5:      layout_loops_ring, fedhas_altar_fruit_tree
D:6:      layout_rooms, mainiacjoe_overflow_tiny_flanked
D:7:      layout_basic, mainiacjoe_overflow_divided_tiny,
          minmay_temple_entry_proselytizer, gammafunk_ghost_grave
D:8:      gammafunk_beogh_shrine, layout_rooms, lightli_temple_of_fire,
          minmay_between
D:9:      layout_gridville, grunt_qazlal_sundering, kennysheep_path_1,
          dk_noncrumbling_2, uniq_erica, uniq_amaemon

Skill      XL: |  1  2  3  4  5  6  7  8  9 |
---------------+----------------------------+-----
Spellcasting   | 1 2 3 4 6 7 |  7.3
Ranged Weapons | 5 7 8 10 12 | 12.3
Dodging        | 3 4 5 |  5.8
Fighting       | |  1.5
Maces & Flails | |  0.4
Stealth        | |  1.5
Summonings     | |  0.8

Action                   |  1- 3 |  4- 6 |  7- 9 || total
-------------------------+-------+-------+-------++-------
Melee: Mace              |       |       |     4 ||     4
 Fire: Shortbow          |   101 |   110 |   393 ||   604
  Use: Scroll            |     4 |     2 |    14 ||    20
       Potion            |       |       |     2 ||     2
Armor: Robe              |     7 |     7 |    38 ||    52
Dodge: Dodged            |    44 |    46 |   211 ||   301
